Map: Pilares de oro EE

Players

MrFercho - Winner!

  • Race: Zerg Zerg
  • League: Gold
  • Spawn Location: 7:00

TriniHavoc

  • Race: Terran Terran
  • League: Gold
  • Spawn Location: 1:00

VOD

Have the link to the VOD?

Description

Time

  • Played on: July 20, 2020, 10:15 p.m.
  • Length: 21:10
Show
View Real Time Build Order
Export as new Build Order

MrFercho Zerg - Winner!

Build Orders: Hatch First, Lurkers 

Get SALT Encoding   

  12  0:01  Drone  
  13  0:17  Overlord  
  13  0:18  Drone  
  14  0:35  Drone x2  
  16  0:55  Hatchery, Drone  
  16  0:59  Drone  
  17  1:06  Drone  
  17  1:10  Extractor  
  17  1:20  Spawning Pool  
  17  1:21  Drone  
  17  1:28  Drone  
  18  1:37  Drone  
  19  1:49  Overlord  
  19  1:59  Drone  
  20  2:06  Queen  
  20  2:07  Queen  
  24  2:09  Drone  
  24  2:11  Drone  
  26  2:19  Metabolic Boost  
  26  2:22  Zergling x4  
  28  2:28  Drone  
  29  2:31  Drone  
  30  2:39  Drone  
  31  2:53  Drone x3  
  31  2:55  Queen  
  36  3:01  Overlord  
  36  3:11  Overlord  
  36  3:23  Drone x6  
  42  3:50  Drone x2  
  42  3:51  Evolution Chamber  
  42  3:53  Zergling x18  
  52  4:00  Baneling Nest  
  52  4:01  Extractor  
  52  4:02  Extractor, Drone  
  50  4:15  Spore Crawler  
  49  4:18  Drone  
  49  4:19  Drone x2  
  49  4:21  Spine Crawler  
  49  4:23  Spine Crawler  
  50  4:39  Evolution Chamber  
  50  4:42  Drone x3  
  50  4:43  Overlord  
  50  4:44  Overlord x3  
  52  4:49  Lair  
  52  5:14  Hatchery  
  49  5:28  Zergling x8  
  53  5:36  Drone x5  
  58  5:46  Extractor  
  58  5:49  Drone x2  
  59  5:55  Zerg Ground Armor Level 1, Zerg Missile Weapons Level 1  
  59  6:03  Hydralisk Den  
  58  6:07  Drone x5  
  63  6:16  Centrifical Hooks  
  63  6:19  Baneling x9  
  63  6:22  Zergling x4  
  65  6:45  Drone  
  65  6:46  Drone x8  
  74  6:47  Queen  
  76  7:11  Overlord  
  76  7:12  Overlord  
  76  7:13  Drone x6  
  82  7:21  Grooved Spines  
  82  7:29  Hatchery  
  81  7:34  Infestation Pit  
  80  7:37  Lurker Den  
  79  7:51  Overlord  
  79  7:52  Overlord x2  
  79  7:53  Hydralisk x12  
  103  8:04  Extractor, Overlord  
  102  8:06  Extractor  
  102  8:12  Pneumatized Carapace  
  101  8:18  Zerg Missile Weapons Level 2, Zerg Ground Armor Level 2  
  101  8:21  Overlord  
  101  8:22  Overlord x3  
  101  8:23  Overlord  
  101  8:32  Muscular Augments  
  101  8:36  Burrow  
  101  8:46  Spore Crawler  
  100  8:48  Drone x2  
  100  8:49  Drone  
  100  8:50  Drone x2  
  100  8:51  Spine Crawler, Drone  
  100  8:52  Spine Crawler  
  98  9:31  Hydralisk x16  
  86  9:34  Zergling x2  
  86  9:35  Zergling x16  
  112  9:42  Overseer  
  112  9:51  Spore Crawler  
  107  10:05  Queen  
  109  10:18  Spine Crawler  
  109  10:20  Spine Crawler  
  109  10:21  Hive  
  107  10:24  Overlord  
  107  10:25  Overlord x2  
  107  10:26  Zergling x16  
  107  10:27  Zergling x2  
  116  11:01  Spire  
  115  11:09  Drone  
  116  11:12  Drone  
  116  11:13  Drone x5  
  122  11:32  Hatchery  
  121  11:58  Zergling x10  
  121  11:59  Zergling x40  
  146  12:03  Lurker x7  
  146  12:04  Lurker  
  146  12:06  Hatchery  
  146  12:07  Seismic Spines  
  153  12:13  Greater Spire  
  139  12:47  Zergling x14  
  139  12:48  Zergling x16  
  154  12:53  Drone x4  
  158  13:04  Adaptive Talons  
  158  13:08  Hatchery  
  157  13:21  Extractor  
  157  13:23  Extractor  
  155  13:29  Extractor  
  154  13:59  Drone x7  
  154  14:00  Drone x11  
  154  14:01  Drone x9  
  181  14:28  Overseer x4  
  181  14:33  Spore Crawler  
  181  14:35  Spore Crawler  
  181  14:36  Spore Crawler  
  178  14:40  Spore Crawler  
  177  14:49  Lair  
  177  15:06  Hydralisk x8  
  177  15:07  Hydralisk x2  
  195  15:25  Hatchery  
  177  15:47  Hatchery  
  158  16:06  Hydralisk x9  
  157  16:18  Hatchery  
  142  16:19  Hive  
  129  16:41  Hydralisk x9  
  124  17:03  Hydralisk  
  124  17:04  Hydralisk x6  
  138  17:15  Spawning Pool  
  126  17:55  Extractor  
  126  17:56  Drone  
  126  17:57  Drone x9  
  135  18:03  Queen  
  137  18:13  Zerg Flyer Armor Level 1  
  137  18:17  Adrenal Glands  
  137  18:19  Zerg Missile Weapons Level 3, Zerg Ground Armor Level 3  
  137  18:31  Lurker  
  138  18:37  Lurker x3  
  138  18:38  Lurker x2  
  138  18:39  Lurker  
  138  18:40  Zergling x22  
  138  18:41  Zergling x2  
  156  18:45  Queen  
  158  19:02  Hatchery  
  157  19:04  Extractor  
  157  19:05  Extractor  
  155  19:11  Hydralisk x9  
  173  19:18  Baneling x11  
  173  19:19  Baneling x13  
  156  20:19  Overseer  
  156  20:26  Corruptor x13  
  156  20:27  Corruptor x8, Spore Crawler  
Show
View Real Time Build Order
Export as new Build Order

TriniHavoc Terran 

Build Orders: 2 Factory 

Get SALT Encoding   

  12  0:02  SCV  
  13  0:15  SCV  
  14  0:21  Supply Depot  
  14  0:30  Refinery  
  14  0:31  SCV  
  15  0:44  SCV  
  16  0:51  Barracks  
  16  0:56  SCV  
  17  1:08  SCV  
  18  1:13  Refinery  
  18  1:22  SCV  
  19  1:39  SCV  
  20  1:40  Supply Depot  
  20  1:45  Barracks Tech Lab  
  20  1:55  SCV  
  20  1:58  Factory  
  21  2:07  SCV  
  22  2:14  Command Center  
  22  2:21  SCV  
  23  2:32  Ghost Academy  
  23  2:44  Factory Reactor  
  23  2:47  Factory  
  23  2:56  Orbital Command  
  23  3:08  Ghost  
  25  3:22  Hellion x2  
  25  3:26  SCV  
  30  3:35  Factory Tech Lab  
  30  3:41  Ghost  
  30  3:48  Supply Depot  
  32  4:03  Hellion  
  32  4:04  Hellion  
  32  4:05  Hellion  
  38  4:13  Ghost  
  38  4:15  SCV  
  41  4:19  Personal Cloaking  
  41  4:32  Infernal Pre-Igniter  
  41  4:43  Hellion x3  
  47  4:55  Ghost  
  43  5:28  Hellion x3  
  49  5:49  Hellion x2  
  53  5:56  Supply Depot  
  55  5:57  Hellion  
  55  6:10  Hellion  
  55  6:11  Hellion  
  61  6:18  Hellion  
  61  6:26  Engineering Bay  
  61  6:32  Hellion x2  
  65  6:42  Hellion  
  67  6:48  Armory  
  67  6:53  Hellion  
  69  6:54  Planetary Fortress  
  69  7:01  Hellion  
  69  7:03  Supply Depot, Hellion  
  73  7:24  Cyclone  
  76  7:36  Terran Vehicle Weapons Level 1  
  76  7:40  Hellion x2  
  80  7:46  Supply Depot  
  80  7:47  SCV  
  81  7:53  SCV  
  82  7:59  SCV  
  82  8:05  SCV  
  84  8:11  SCV  
  85  8:23  SCV  
  86  8:35  SCV  
  87  8:57  Starport  
  87  9:01  Starport  
  40  10:05  Hellion  
  40  10:06  Hellion x2  
  38  10:15  Supply Depot  
  38  10:16  Supply Depot  
  38  10:23  Supply Depot x2  
  38  10:25  Bunker  
  38  10:26  Marine  
  38  10:27  Hellion x3  
  45  10:28  Bunker  
  45  10:35  SCV  
  45  10:39  Starport Tech Lab  
  45  10:40  Starport Tech Lab  
  46  10:44  Starport x2, Marine  
  46  10:47  SCV  
  46  10:48  Hellion x3  
  54  10:52  Refinery  
  54  10:55  Refinery  
  54  11:00  SCV  
  54  11:02  Marauder  
  57  11:08  Terran Infantry Weapons Level 1  
  57  11:09  Hellion  
  57  11:10  Hellion x2  
  57  11:11  Cloaking Field  
  63  11:12  Hyperflight Rotors, SCV  
  64  11:24  SCV, Starport Tech Lab  
  64  11:25  Starport Tech Lab  
  65  11:26  Banshee x2  
  65  11:31  Hellion  
  73  11:34  Marine  
  74  11:52  Marine  
  74  11:53  Terran Vehicle Weapons Level 2  
  75  11:56  Banshee x2  
  81  12:09  Banshee x2  
  81  12:10  Marauder  
  81  12:13  SCV  
  90  12:26  SCV  
  87  12:38  SCV  
  87  12:39  Banshee  
  71  12:45  Banshee  
  74  12:52  Hellion x3, Banshee x2  
  86  13:14  Command Center  
  86  13:19  Siege Tank  
  89  13:22  Banshee  
  92  13:28  Banshee  
  95  13:50  Widow Mine  
  95  13:51  Widow Mine  
  99  14:04  Command Center  
  99  14:09  Terran Ship Weapons Level 1  
  99  14:10  Fusion Core  
  87  15:12  Battlecruiser x3  
  24  17:49  Battlecruiser  
  24  18:04  Supply Depot  
  24  18:05  Supply Depot  
  24  18:06  Supply Depot  
  24  18:07  Supply Depot  
  24  18:08  Bunker  
  24  18:11  Command Center  
  24  18:26  Siege Tank  
  27  18:29  Widow Mine x2  
  27  18:30  Marine  
  32  18:48  Marine  
  33  19:26  Refinery  
  33  19:29  Refinery  
  33  19:33  Orbital Command  
Tags
 
Composition
Lurkers
League
GoldGold
Matchup
TvZ
Replay Pack
MrFercho
Spawn Locations
Cross Positions
Add a new tag
Caveats
  • Supply blocks, unpowered buildings, or Contaminate may cause inaccurate times.
  • Supply counts are checked every 10 seconds.